 Dungeon Crawl Stone Soup version 0.31-a0-237-g2d982f9f85 (webtiles) character file.

Game seed: 11780267006054059353

121 qw the Shooter (level 4, -3/37 HPs)
             Began as a Minotaur Hexslinger on July 10, 2023.
             Slain by an orc priest
             ... wielding a +0 flail
              (4 damage)
             ... on level 2 of the Dungeon.
             The game lasted 00:00:33 (1582 turns).

qw the Shooter (Minotaur Hexslinger)                Turns: 1582, Time: 00:00:33

Health: -3/37      AC:  3    Str: 13    XL:     4   Next: 77%
Magic:  4/4        EV: 12    Int: 10    God:
Gold:   59         SH:  0    Dex: 14    Spells: 4/5 levels left

rFire   . . .        Y - +2 sling (flame)
rCold   . . .        (no shield)
rNeg    . . .        h - +0 leather armour
rPois   .            (helmet restricted)
rElec   .            (no cloak)
rCorr   .            (no gloves)
SInv    .            (no boots)
Will    .....        (no amulet)
Stlth   +            (no ring)
HPRegen 0.26/turn    (no ring)
MPRegen 0.09/turn

%: no passive effects
@: lethally poisoned (-3 -> -4)
A: horns 2, retaliatory headbutt
a: no special abilities


You were on level 2 of the Dungeon.
You visited 1 branch of the dungeon, and saw 3 of its levels.

You collected 87 gold pieces.
You spent 28 gold pieces at shops.


Innate Abilities, Weirdness & Mutations

You have a pair of horns on your head.
You reflexively headbutt those who attack you in melee.


   Skills:
 + Level 2.5 Fighting
 - Level 5.1 Ranged Weapons
 - Level 2.1 Dodging
 - Level 1.0 Spellcasting
 - Level 2.0 Hexes


You had 4 spell levels left.
You knew the following spells:

 Your Spells              Type           Power      Damage    Failure   Level
a - Slow                  Hex            16%        N/A       19%         1

Your spell library contained the following spells:

 Spells                   Type           Power      Damage    Failure   Level
 Inner Flame              Hex/Fire       2%         N/A       65%         3
 Portal Projectile        Hex/Tloc       4%         N/A       65%         3
 Cause Fear               Hex            2%         N/A       88%         4

Inventory:

Hand Weapons
 Y - a +2 sling of flaming (weapon)
Armour
 h - a +0 leather armour (worn)
Scrolls
 e - a scroll of identify
Potions
 d - 3 potions of curing
 g - a potion of magic {unknown}

Dungeon Overview and Level Annotations

Branches:
Dungeon (3/15)

Altars:

Shops:
D:2 [

Annotations:
D:3 Robin


Message History

You kill the orc!
The adder barely misses you. You furiously retaliate!
You headbutt the adder. You shoot a sling bullet.
The sling bullet barely misses the orc priest.
The orc priest barely misses you. The adder barely misses you.
You shoot a sling bullet. The sling bullet hits the orc priest.
The sling bullet burns the orc priest.
The orc priest is heavily wounded.
The adder closely misses you.
The orc priest looks encouraged for a moment.
The adder closely misses you. You furiously retaliate!
You headbutt the adder.
The orc priest looks encouraged for a moment.
You shoot a sling bullet. The sling bullet misses the adder.
The adder misses you.
The orc priest mumbles some strange prayers to Beogh against you.
Beogh smites you!
You shoot a sling bullet.
The sling bullet barely misses the adder.
The adder bites you. The orc priest completely misses you. The adder bites you.
You are poisoned.
The adder poisons you!
You shoot a sling bullet.
The sling bullet hits the adder but does no damage.
The adder is severely wounded.
You feel sick. The adder closely misses you. The orc priest barely misses you.
You shoot a sling bullet.
The sling bullet barely misses the adder.
You feel sick. The adder bites you. The orc priest closely misses you.
The adder closely misses you.
You shoot a sling bullet. The sling bullet hits the adder.
The sling bullet burns the adder.
You kill the adder!
You feel sick.
The orc priest hits you with a +0 flail.
You shoot a sling bullet. The sling bullet hits the orc priest.
The sling bullet burns the orc priest.
The orc priest is severely wounded.
You feel sick.
The orc priest hits you with a +0 flail.
You die...

#.#..........####.##..##.#
#.#..........# #.##.###.#
#............####.##.# #.#
#....####.####....##.# #.#
#....# #.####.#...#^# #.# #.####
#....#.#.#...# #.# ###'##
####...#.#.### #.# ### .....#
###.o...# #.# #.. .....#
########@..#.#####.# #.( .....#
##......))#.#.#.....# #.. .....#
#.........#.#......## ##..
.....# #.........#......#.# #...
.....###.........########.# #...
##...............#....<##.# #..%
#.######........#.######.####...
#..%............#.# #........
########........#.# ######...


You could see an orc priest.

Vanquished Creatures
  An orc priest (D:2)
  Natasha (D:2)
  2 adders (D:2)
  A worm (D:2)
  A dart slug (D:2)
  3 orcs
  4 ball pythons
  5 endoplasms
  A giant cockroach (D:2)
  3 goblins
  5 hobgoblins
  A jackal (D:3)
  2 quokkas (D:2)
  3 bats
  4 frilled lizards
  2 kobolds (D:1)
  3 rats
42 creatures vanquished.

Notes
Turn   | Place    | Note
-------+----------+-------------------------------------------
     0 | D:1      | qw the Minotaur Hexslinger began the quest for the Orb.
     0 | D:1      | Reached XP level 1. HP: 16/16 MP: 1/1
     0 | D:1      | 0 ||| qw: Version: 0.3-a-52-g30416fa
     0 | D:1      | 0 ||| qw: Game counter: 4973
     0 | D:1      | 0 ||| qw: Melee chars always use a shield: true
     0 | D:1      | 0 ||| qw: God list: Okawaru
     0 | D:1      | 0 ||| qw: Allow faded altars: false
     0 | D:1      | 0 ||| qw: Do Orc after clearing Dungeon:15 true
     0 | D:1      | 0 ||| qw: Do second Lair branch before Depths: true
     0 | D:1      | 0 ||| qw: Lair rune preference: random
     0 | D:1      | 0 ||| qw: Goals: Normal
     0 | D:1      | 0 ||| PLANNING D:1-11
   136 | D:1      | Reached skill level 3 in Ranged Weapons
   144 | D:1      | Reached XP level 2. HP: 23/23 MP: 2/2
   590 | D:1      | Found a faded altar of an unknown god.
   726 | D:1      | 726 ||| READING scroll labelled UGIESO ADGHOY.
   730 | D:1      | 730 ||| DROPPING scroll of poison.
   852 | D:2      | Reached XP level 3. HP: 29/29 MP: 3/3
  1054 | D:2      | 1054 ||| SWAPPING to +2 sling of flaming.
  1055 | D:2      | 1055 ||| DROPPING +1 sling.
  1070 | D:2      | Found Jideutar's Armour Emporium.
  1100 | D:2      | 1100 ||| BUYING +0 leather armour (28 gold).
  1100 | D:2      | Bought a +0 leather armour for 28 gold pieces
  1100 | D:2      | 1100 ||| SHOPLISTING +0 pair of boots (63 gold, have 38).
  1100 | D:2      | 1100 ||| SHOPLISTING +0 pair of gloves (63 gold, have 38).
  1100 | D:2      | 1100 ||| SHOPLISTING +0 pair of gloves of Wufeh {-Tele
                  | rElec Will- Int+6} (278 gold, have 38).
  1197 | D:2      | Noticed Natasha
  1202 | D:2      | Killed Natasha
  1203 | D:2      | Reached skill level 4 in Ranged Weapons
  1350 | D:2      | 1350 ||| UPGRADING to +0 leather armour.
  1360 | D:2      | 1360 ||| DROPPING +0 robe.
  1361 | D:2      | 1361 ||| READING 3 scrolls labelled CUEMELLIXUB.
  1362 | D:2      | 1362 ||| READING scroll labelled AKATIS YGOA.
  1363 | D:2      | 1363 ||| DRINKING 4 golden potions.
  1364 | D:2      | 1364 ||| READING 2 scrolls of identify.
  1364 | D:2      | 1364 ||| IDENTIFYING brown potion
  1365 | D:2      | 1365 ||| DROPPING potion of attraction.
  1402 | D:3      | 1402 ||| STAIRDANCE
  1463 | D:3      | Reached XP level 4. HP: 36/36 MP: 4/4
  1464 | D:3      | 1464 ||| STAIRDANCE
  1471 | D:2      | Reached skill level 5 in Ranged Weapons
  1566 | D:3      | Noticed Robin
  1571 | D:3      | 1571 ||| STAIRDANCE
  1579 | D:2      | HP: 9/36 [poisoned by an adder]
  1581 | D:2      | HP: 2/36 [orc priest/+0 flail (4)]
  1582 | D:2      | Slain by an orc priest

Levels and vault maps discovered:
D:1:      eino_arrival_cavern_e, layout_basic, nicolae_ecumenical_lake_church,
          kennysheep_crisscross
D:2:      layout_basic, serial_shops, nicolae_shop_getting_attention,
          hangedman_decor_lopped, kennysheep_nub, uniq_natasha
D:3:      layout_basic, kennysheep_orc_sif_temple, uniq_robin

Skill      XL: |  1  2  3  4 |
---------------+-------------+-----
Ranged Weapons | 3 4 5 |  5.1
Fighting       | 2 |  2.5
Dodging        | |  2.1
Spellcasting   | |  1.0
Hexes          | |  2.0

Action                     |  1- 3 |  4- 6 || total
---------------------------+-------+-------++-------
   Fire: Sling             |    88 |    20 ||   108
    Use: Scroll            |     4 |       ||     4
         Potion            |     1 |       ||     1
 Armour: Robe              |     1 |       ||     1
         Leather armour    |     1 |     2 ||     3
  Dodge: Dodged            |    10 |    31 ||    41

Table legend:
 A = Non-vault XP
 B = Vault XP
 C = Vault XP percentage of total XP
 D = Non-vault monster count
 E = Vault monster count
 F = Vault count percentage of total count
                 A         B        C        D         E       F
            +---------+---------+-------+---------+---------+-------
      Total |     138 |      36 |  20.7 |      40 |       2 |   4.8
            +---------+---------+-------+---------+---------+-------
        D:1 |      30 |       0 |   0.0 |      19 |       0 |   0.0
        D:2 |      99 |      35 |  26.1 |      17 |       1 |   5.6
        D:3 |       9 |       1 |  10.0 |       4 |       1 |  20.0
            +---------+---------+-------+---------+---------+-------
